TAMPA BAY vs NEW YORK R

Created - Friday, April 20, 2018 at 21:08

Goals
1 2 3 T
TAMPA BAY 3 2 0 5
NEW YORK R 1 0 1 2
Shots
1 2 3 T
TAMPA BAY 14 8 6 28
NEW YORK R 15 4 14 33

1st period

1. TAMPA BAY , Ryan Getzlaf 18 (Evgeni Malkin 36, John Klingberg 46) at 0:54
2. TAMPA BAY , Sebastian Aho 16 (Kyle Turris 33, Torey Krug 33) at 2:31
3. TAMPA BAY , Andrew Cogliano 28 (Sami Vatanen 27, Kyle Turris 34) at 18:13
4. NEW YORK R , Michael Matheson 7 (Nikolaj Ehlers 48, Jordie Benn 21) at 18:59

Penalties :
Leon Draisaitl (NYR) for Fighting (Major) at 16:24, Elias Lindholm (TB ) for Fighting (Major) at 16:24

2nd period

5. TAMPA BAY , John Klingberg 16 (Viktor Arvidsson 30, Evgeni Malkin 37) at 8:25 (PP)
6. TAMPA BAY , Andrew Cogliano 29 (Torey Krug 34, Elias Lindholm 20) at 15:16

Penalties :
Andrej Sekera (TB ) for Slashing (Minor) at 5:12, Marc Methot (NYR) for Hooking (Minor) at 7:37, Derek Ryan (TB ) for Slashing (Minor) at 19:45

3rd period

7. NEW YORK R , Jonathan Marchessault 30 (Michael Matheson 38) at 16:07

Penalties :
Ryan Getzlaf (TB ) for Tripping (Minor) at 2:42, Charlie Coyle (TB ) for High sticking (Minor) at 12:58

Goalie Stats

Devan Dubnyk (TB ), 31 saves from 33 shots - (0.939), W, 37-23-4, 60:00 minutes
Cam Ward (NYR), 23 saves from 28 shots - (0.821), L, 7-9-1, 60:00 minutes

Players Stats for TAMPA BAY

Player Name              G  A  P  +/- PIM S  H  SB GA TA FO     MP     PP MP  PK MP  
------------------------------------------------------------------------------------
Alexandre Burrows        0  0  0   0  0   2  0  0  0  0  0/1     7:23   0:00   1:11 
Andrej Sekera            0  0  0   2  2   0  0  2  0  0  0/0    19:30   0:22   2:21 
Andrew Cogliano          2  0  2   2  0   2  0  0  0  0  2/3    17:17   0:00   5:09 
Charlie Coyle            0  0  0   0  2   2  2  0  0  0  0/0    15:47   0:04   0:00 
Derek Ryan               0  0  0   0  2   1  0  0  0  0  7/10    6:11   0:00   0:00 
Elias Lindholm           0  1  1   1  5   4  3  0  0  0  16/24  15:29   0:00   5:38 
Evgeni Malkin            0  2  2   0  0   1  1  0  0  0  2/2    19:30   0:44   1:00 
John Klingberg           1  1  2   0  0   1  2  0  0  0  0/0    18:00   0:26   0:14 
Kyle Turris              0  2  2   1  0   1  1  0  0  0  7/20   17:30   0:04   0:00 
Marc-Edouard Vlasic      0  0  0   0  0   0  1  2  0  0  0/0    22:19   0:00   4:59 
Matt Niskanen            0  0  0   0  0   0  4  0  0  0  0/0    20:41   0:22   3:11 
Robby Fabbri             0  0  0   0  0   0  0  0  0  0  0/0     6:12   0:00   0:00 
Ryan Getzlaf             1  0  1   0  2   4  1  0  0  0  14/23  18:23   0:44   0:28 
Sami Vatanen             0  1  1   0  0   3  2  0  0  0  0/0    21:12   0:00   4:04 
Sebastian Aho            1  0  1   0  0   2  0  1  0  0  2/2    15:48   0:04   0:00 
Tanner Pearson           0  0  0   2  0   3  0  1  0  0  3/4    12:08   0:00   0:00 
Torey Krug               0  2  2   2  0   1  2  2  0  0  0/0    18:17   0:26   1:03 
Viktor Arvidsson         0  1  1   0  0   1  0  0  0  0  1/1    20:22   0:44   2:26 

Players Stats for NEW YORK R

Player Name              G  A  P  +/- PIM S  H  SB GA TA FO     MP     PP MP  PK MP  
------------------------------------------------------------------------------------
Anthony Mantha           0  0  0  -2  0   0  0  1  0  0  0/4    19:57   4:34   0:00 
Brayden McNabb           0  0  0   0  0   0  0  0  0  0  0/0     0:00   0:00   0:00 
Brendan Smith            0  0  0  -1  0   2  0  2  0  0  0/0    14:06   0:00   0:04 
Christian Dvorak         0  0  0   0  0   1  0  0  0  0  9/18   12:42   0:00   0:00 
Colton Parayko           0  0  0  -1  0   1  1  0  0  0  0/0    24:47   5:06   0:04 
Connor Brown             0  0  0  -1  0   1  0  1  0  0  2/3    20:45   4:34   0:00 
Jonathan Marchessault    1  0  1   1  0   5  0  1  0  0  0/1    22:03   3:22   0:00 
Jordie Benn              0  1  1   0  0   1  0  1  0  0  0/0    21:11   2:50   0:44 
Jori Lehtera             0  0  0  -1  0   2  0  0  0  0  5/12   17:12   0:00   0:00 
Leon Draisaitl           0  0  0   1  5   5  0  0  0  0  12/27  21:48   3:22   0:48 
Marc Methot              0  0  0  -1  2   1  1  0  0  0  0/0    14:01   0:00   0:00 
Marcus Kruger            0  0  0  -1  0   0  0  0  0  0  2/5     9:52   4:34   0:48 
Michael Matheson         1  1  2   0  0   2  0  2  0  0  0/0    20:27   2:50   0:00 
Michael Raffl            0  0  0  -2  0   0  3  0  0  0  6/19   15:23   0:00   0:00 
Nate Thompson            0  0  0   0  0   0  0  0  0  0  0/0     0:00   0:00   0:00 
Nikolaj Ehlers           0  1  1   1  0   6  0  1  0  0  0/0    22:03   3:22   0:00 
Seth Jones               0  0  0  -1  0   2  1  1  0  0  0/0    25:27   5:06   0:44 
Tom Wilson               0  0  0   0  0   4  1  0  0  0  0/1    12:42   0:00   0:00 
Trevor Lewis             0  0  0  -2  0   0  1  0  0  0  0/0     4:44   0:00   0:00 
Yannick Weber            0  0  0   0  0   0  0  0  0  0  0/0     0:00   0:00   0:00 

3 Stars

1 - Andrew Cogliano (TB )
2 - Torey Krug (TB )
3 - John Klingberg (TB )

Power Play

TAMPA BAY - 1 on 1 Attempt(s) - 100.00%
NEW YORK R - 0 on 4 Attempt(s) - 0.00%

Penalty Kill

TAMPA BAY - 4 on 4 Attempt(s) - 100.00% - Score 0 goal in Penalty Kill
NEW YORK R - 0 on 1 Attempt(s) - 0.00% - Score 0 goal in Penalty Kill

Team Stat

TAMPA BAY - Hits : 19 - Faceoff Wins : 54 - Blocked Shots : 8 - Penalty Minutes : 13
NEW YORK R - Hits : 8 - Faceoff Wins : 36 - Blocked Shots : 10 - Penalty Minutes : 7

Official

Referees : Unknown
Linesman : Unknown

Game Notes

Leon Draisaitl and Elias Lindholm fight to a draw at 16:24 of 1st period

Finance

Level 1 -- Attendance: 4391 (73.18%) -- Ticket Income $439,100
Level 2 -- Attendance: 3204 (64.08%) -- Ticket Income $224,280
Level 3 -- Attendance: 1332 (66.60%) -- Ticket Income $59,940
Level 4 -- Attendance: 4000 (100.00%) -- Ticket Income $80,000
Luxury Box -- Attendance: 859 (85.90%) -- Ticket Income $157,197
Game was played at the Madison Square Garden.
Total Attendance: 13786 (76.59%)
Total Ticket Income: $960,517
Total Income: $960,517

TAMPA BAY

5 vs 5 Forward 
   Center                   Left Wing                Right Wing               Time % Phy DF OF 
 1 Ryan Getzlaf             Evgeni Malkin            Viktor Arvidsson         33     0   2  3  
 2 Kyle Turris              Sebastian Aho            Charlie Coyle            30     0   2  3  
 3 Elias Lindholm           Tanner Pearson           Andrew Cogliano          25     0   2  3  
 4 Derek Ryan               Robby Fabbri             Alexandre Burrows        12     0   3  2  

5 vs 5 Defense 
   Defense                  Defense                                           Time % Phy DF OF 
 1 John Klingberg           Marc-Edouard Vlasic                               34     0   3  2  
 2 Andrej Sekera            Torey Krug                                        33     0   3  2  
 3 Matt Niskanen            Sami Vatanen                                      33     0   3  2  
 4 Matt Niskanen            Sami Vatanen                                      0      1   2  2  

PowerPlay Forward 
   Center                   Left Wing                Right Wing               Time % Phy DF OF 
 1 Ryan Getzlaf             Evgeni Malkin            Viktor Arvidsson         60     0   2  3  
 2 Kyle Turris              Sebastian Aho            Charlie Coyle            40     0   2  3  

PowerPlay Defense
   Defense                  Defense                                           Time % Phy DF OF 
 1 Torey Krug               John Klingberg                                    60     0   2  3  
 2 Andrej Sekera            Matt Niskanen                                     40     0   2  3  

Penalty Kill 4 Players Forward 
   Center                   Wing                     Time % Phy DF OF 
 1 Elias Lindholm           Andrew Cogliano          65     1   3  1  
 2 Ryan Getzlaf             Alexandre Burrows        35     1   3  1  

Penalty Kill 4 Players Defense
   Defense                  Defense                  Time % Phy DF OF 
 1 Marc-Edouard Vlasic      Sami Vatanen             60     1   4  0  
 2 Andrej Sekera            Matt Niskanen            40     1   4  0  

Penalty Kill - 3 Players Forward 
   Forward                                           Time % Phy DF OF 
 1 Elias Lindholm                                    60     1   4  0  
 2 Ryan Getzlaf                                      40     1   4  0  

Penalty Kill - 3 Players Defense
   Defense                  Defense                  Time % Phy DF OF 
 1 Sami Vatanen             Marc-Edouard Vlasic      60     1   4  0  
 2 Andrej Sekera            Matt Niskanen            40     1   4  0  

4 vs 4 Forward 
   Center                   Wing                     Time % Phy DF OF 
 1 Ryan Getzlaf             Evgeni Malkin            60     0   2  3  
 2 Kyle Turris              Viktor Arvidsson         40     0   2  3  

4 vs 4 Defense
   Defense                  Defense                  Time % Phy DF OF 
 1 John Klingberg           Marc-Edouard Vlasic      60     0   3  2  
 2 Sami Vatanen             Torey Krug               40     0   3  2  

Last Minutes Offensive
   Center                   Left Wing                Right Wing               Defense                  Defense                  
   Ryan Getzlaf             Evgeni Malkin            Viktor Arvidsson         Torey Krug               John Klingberg           

Last Minutes Defensive
   Center                   Left Wing                Right Wing               Defense                  Defense                  
   Ryan Getzlaf             Evgeni Malkin            Elias Lindholm           Matt Niskanen            John Klingberg           

Goaltenders
Starting : Devan Dubnyk             
Backup : Aaron Dell               

Extra Forwards
Normal : Tanner Pearson, Elias Lindholm, Andrew Cogliano - PP : Elias Lindholm, Tanner Pearson - PK : Viktor Arvidsson
Extra Defensemen
Normal : Torey Krug, Matt Niskanen, Sami Vatanen - PP : Sami Vatanen - PK : Torey Krug, Andrej Sekera
Penalty Shots
Evgeni Malkin, Ryan Getzlaf, Kyle Turris, Sebastian Aho, Tanner Pearson

Scratches
TB CAP HIT (Suspend), Brandon Montour (Healthy), Brendan Perlini (Healthy)

NEW YORK R

5 vs 5 Forward 
   Center                   Left Wing                Right Wing               Time % Phy DF OF 
 1 Leon Draisaitl           Nikolaj Ehlers           Jonathan Marchessault    35     1   2  2  
 2 Michael Raffl            Anthony Mantha           Connor Brown             30     1   2  2  
 3 Christian Dvorak         Tom Wilson               Jori Lehtera             25     1   2  2  
 4 Jori Lehtera             Marcus Kruger            Trevor Lewis             10     1   2  2  

5 vs 5 Defense 
   Defense                  Defense                                           Time % Phy DF OF 
 1 Seth Jones               Colton Parayko                                    35     1   2  2  
 2 Michael Matheson         Jordie Benn                                       33     1   2  2  
 3 Marc Methot              Brendan Smith                                     22     1   2  2  
 4 Seth Jones               Colton Parayko                                    10     1   2  2  

PowerPlay Forward 
   Center                   Left Wing                Right Wing               Time % Phy DF OF 
 1 Leon Draisaitl           Nikolaj Ehlers           Jonathan Marchessault    60     1   2  2  
 2 Marcus Kruger            Anthony Mantha           Connor Brown             40     1   2  2  

PowerPlay Defense
   Defense                  Defense                                           Time % Phy DF OF 
 1 Seth Jones               Colton Parayko                                    60     1   2  2  
 2 Michael Matheson         Jordie Benn                                       40     1   2  2  

Penalty Kill 4 Players Forward 
   Center                   Wing                     Time % Phy DF OF 
 1 Leon Draisaitl           Marcus Kruger            60     1   2  2  
 2 Nikolaj Ehlers           Tom Wilson               40     1   2  2  

Penalty Kill 4 Players Defense
   Defense                  Defense                  Time % Phy DF OF 
 1 Seth Jones               Marc Methot              60     1   2  2  
 2 Colton Parayko           Brendan Smith            40     1   2  2  

Penalty Kill - 3 Players Forward 
   Forward                                           Time % Phy DF OF 
 1 Marcus Kruger                                     60     1   2  2  
 2 Leon Draisaitl                                    40     1   2  2  

Penalty Kill - 3 Players Defense
   Defense                  Defense                  Time % Phy DF OF 
 1 Seth Jones               Colton Parayko           60     1   2  2  
 2 Michael Matheson         Marc Methot              40     1   2  2  

4 vs 4 Forward 
   Center                   Wing                     Time % Phy DF OF 
 1 Leon Draisaitl           Nikolaj Ehlers           60     1   2  2  
 2 Connor Brown             Jonathan Marchessault    40     1   2  2  

4 vs 4 Defense
   Defense                  Defense                  Time % Phy DF OF 
 1 Seth Jones               Colton Parayko           60     1   2  2  
 2 Michael Matheson         Jordie Benn              40     1   2  2  

Last Minutes Offensive
   Center                   Left Wing                Right Wing               Defense                  Defense                  
   Leon Draisaitl           Nikolaj Ehlers           Jonathan Marchessault    Seth Jones               Colton Parayko           

Last Minutes Defensive
   Center                   Left Wing                Right Wing               Defense                  Defense                  
   Leon Draisaitl           Michael Raffl            Marcus Kruger            Michael Matheson         Jordie Benn              

Goaltenders
Starting : Cam Ward                 
Backup : Al Montoya               

Extra Forwards
Normal : Leon Draisaitl, Connor Brown, Christian Dvorak - PP : Leon Draisaitl, Connor Brown - PK : Marcus Kruger
Extra Defensemen
Normal : Michael Matheson, Seth Jones, Colton Parayko - PP : Michael Matheson - PK : Jordie Benn, Michael Matheson
Penalty Shots
Leon Draisaitl, Nikolaj Ehlers, Jonathan Marchessault, Anthony Mantha, Connor Brown

Scratches
NYR Cap Hit (Healthy), Malcolm Subban (Healthy), Frederik Andersen (Suspend)

% Time on Ice - TAMPA BAY

Lines # - Real PCT - Wanted PCT - Time Play
Normal Forward
1 - 34% - 33% - 17:12
2 - 31% - 30% - 15:44
3 - 24% - 25% - 12:08
4 - 12% - 12% - 6:12
Normal Defense
1 - 34% - 34% - 17:20
2 - 33% - 33% - 16:48
3 - 33% - 33% - 17:08
4 - 0% - 0% - 0:00
PP Forward
1 - 92% - 60% - 0:44
2 - 8% - 40% - 0:04
PP Defense
1 - 54% - 60% - 0:26
2 - 46% - 40% - 0:22
PK Forward
1 - 85% - 65% - 6:45
2 - 15% - 35% - 1:11
PK Defense
1 - 51% - 60% - 4:04
2 - 49% - 40% - 3:52
PK3 Forward
1 - 0% - 60%
2 - 0% - 40%
PK3 Defense
1 - 0% - 60%
2 - 0% - 40%
44 Forward
1 - 0% - 60%
2 - 0% - 40%
44 Defense
1 - 0% - 60%
2 - 0% - 40%
Last Minute Offensive  - 0:00
Last Minute Defensive  - 0:00
Total
Forward - 60:00
Defense - 60:00

% Time on Ice - NEW YORK R

Lines # - Real PCT - Wanted PCT - Time Play
Normal Forward
1 - 36% - 35% - 18:41
2 - 30% - 30% - 15:23
3 - 25% - 25% - 12:42
4 - 9% - 10% - 4:30
Normal Defense
1 - 33% - 35% - 16:51
2 - 34% - 33% - 17:37
3 - 27% - 22% - 14:02
4 - 5% - 10% - 2:46
PP Forward
1 - 42% - 60% - 3:22
2 - 58% - 40% - 4:34
PP Defense
1 - 64% - 60% - 5:06
2 - 36% - 40% - 2:50
PK Forward
1 - 100% - 60% - 0:48
2 - 0% - 40% - 0:00
PK Defense
1 - 92% - 60% - 0:44
2 - 8% - 40% - 0:04
PK3 Forward
1 - 0% - 60%
2 - 0% - 40%
PK3 Defense
1 - 0% - 60%
2 - 0% - 40%
44 Forward
1 - 0% - 60%
2 - 0% - 40%
44 Defense
1 - 0% - 60%
2 - 0% - 40%
Last Minute Offensive  - 0:00
Last Minute Defensive  - 0:00
Total
Forward - 60:00
Defense - 60:00

Play-by-Play

1st period


0:01 of 1st period - Leon Draisaitl wins face-off versus Ryan Getzlaf in neutral zone.
0:12 of 1st period - Shot by Leon Draisaitl.
0:12 of 1st period - Shot Misses the Net.
0:23 of 1st period - Icing by John Klingberg.
0:24 of 1st period - Ryan Getzlaf wins face-off versus Michael Raffl in TAMPA BAY zone.
0:54 of 1st period - Shot by Ryan Getzlaf.
0:54 of 1st period - Goal by Ryan Getzlaf - TAMPA BAY : 1 - NEW YORK R : 0.
0:55 of 1st period - Christian Dvorak wins face-off versus Kyle Turris in neutral zone.
1:06 of 1st period - Shot by Sebastian Aho.
1:06 of 1st period - Stopped by Cam Ward with a rebound.
1:18 of 1st period - Shot by Kyle Turris.
1:18 of 1st period - Stopped by Cam Ward without a rebound.
1:19 of 1st period - Elias Lindholm wins face-off versus Leon Draisaitl in NEW YORK R zone.
1:19 of 1st period - Sami Vatanen is hit by Colton Parayko and loses puck.
1:33 of 1st period - Nikolaj Ehlers is hit by Matt Niskanen and loses puck.
1:51 of 1st period - Shot by Nikolaj Ehlers.
1:51 of 1st period - Shot Misses the Net.
1:53 of 1st period - Shot by Seth Jones.
1:53 of 1st period - Stopped by Devan Dubnyk with a rebound.
1:55 of 1st period - Shot by Seth Jones.
1:55 of 1st period - Shot Misses the Net.
1:57 of 1st period - Shot by Leon Draisaitl.
1:57 of 1st period - Shot Misses the Net.
2:07 of 1st period - Nikolaj Ehlers is hit by Sami Vatanen and loses puck.
2:15 of 1st period - Icing by Matt Niskanen.
2:16 of 1st period - Tanner Pearson wins face-off versus Jori Lehtera in TAMPA BAY zone.
2:31 of 1st period - Shot by Kyle Turris.
2:31 of 1st period - Deflect By Sebastian Aho.
2:31 of 1st period - Goal by Sebastian Aho - TAMPA BAY : 2 - NEW YORK R : 0.
2:32 of 1st period - Derek Ryan wins face-off versus Michael Raffl in neutral zone.
2:58 of 1st period - Shot by Anthony Mantha.
2:58 of 1st period - Deflect By Michael Raffl.
2:58 of 1st period - Shot Misses the Net.
3:08 of 1st period - Shot by Connor Brown.
3:08 of 1st period - Shot Misses the Net.
3:10 of 1st period - Shot by Brendan Smith.
3:10 of 1st period - Stopped by Devan Dubnyk without a rebound.
3:11 of 1st period - Christian Dvorak wins face-off versus Kyle Turris in TAMPA BAY zone.
3:44 of 1st period - Shot by Jori Lehtera.
3:44 of 1st period - Shot Misses the Net.
4:11 of 1st period - Jonathan Marchessault is hit by John Klingberg and loses puck.
4:23 of 1st period - Icing by Marc-Edouard Vlasic.
4:24 of 1st period - Kyle Turris wins face-off versus Michael Raffl in TAMPA BAY zone.
4:30 of 1st period - Marc-Edouard Vlasic is hit by Marc Methot and loses puck.
4:39 of 1st period - Michael Raffl is hit by Kyle Turris and loses puck.
5:06 of 1st period - Shot by Evgeni Malkin.
5:06 of 1st period - Deflect By Viktor Arvidsson.
5:06 of 1st period - Shot Misses the Net.
5:08 of 1st period - Shot by Sami Vatanen.
5:08 of 1st period - Shot Blocked by Brendan Smith.
5:10 of 1st period - Shot by Sami Vatanen.
5:10 of 1st period - Stopped by Cam Ward without a rebound.
5:11 of 1st period - Elias Lindholm wins face-off versus Jori Lehtera in NEW YORK R zone.
5:11 of 1st period - Torey Krug is hit by Seth Jones and loses puck.
5:20 of 1st period - Shot by Elias Lindholm.
5:20 of 1st period - Stopped by Cam Ward without a rebound.
5:21 of 1st period - Leon Draisaitl wins face-off versus Ryan Getzlaf in NEW YORK R zone.
6:01 of 1st period - Shot by Nikolaj Ehlers.
6:01 of 1st period - Stopped by Devan Dubnyk without a rebound.
6:02 of 1st period - Christian Dvorak wins face-off versus Elias Lindholm in TAMPA BAY zone.
6:25 of 1st period - Shot by Jori Lehtera.
6:25 of 1st period - Stopped by Devan Dubnyk with a rebound.
6:27 of 1st period - Shot by Christian Dvorak.
6:27 of 1st period - Shot Blocked by Tanner Pearson.
6:29 of 1st period - Shot by Tom Wilson.
6:29 of 1st period - Stopped by Devan Dubnyk without a rebound.
6:30 of 1st period - Derek Ryan wins face-off versus Michael Raffl in TAMPA BAY zone.
7:05 of 1st period - Shot by Marc Methot.
7:05 of 1st period - Stopped by Devan Dubnyk without a rebound.
7:06 of 1st period - Ryan Getzlaf wins face-off versus Jori Lehtera in TAMPA BAY zone.
7:13 of 1st period - Shot by Sami Vatanen.
7:13 of 1st period - Stopped by Cam Ward without a rebound.
7:14 of 1st period - Evgeni Malkin wins face-off versus Christian Dvorak in NEW YORK R zone.
8:09 of 1st period - Off-side.
8:10 of 1st period - Leon Draisaitl wins face-off versus Elias Lindholm in neutral zone.
8:10 of 1st period - Leon Draisaitl is hit by Elias Lindholm.
8:38 of 1st period - Off-side.
8:39 of 1st period - Kyle Turris wins face-off versus Michael Raffl in neutral zone.
8:50 of 1st period - Shot by Kyle Turris.
8:50 of 1st period - Shot Blocked by Brendan Smith.
9:24 of 1st period - Icing by Marc Methot.
9:25 of 1st period - Tanner Pearson wins face-off versus Michael Raffl in NEW YORK R zone.
9:52 of 1st period - Shot by Leon Draisaitl.
9:52 of 1st period - Deflect By Nikolaj Ehlers.
9:52 of 1st period - Stopped by Devan Dubnyk without a rebound.
9:53 of 1st period - Jori Lehtera wins face-off versus Ryan Getzlaf in TAMPA BAY zone.
10:12 of 1st period - Shot by Ryan Getzlaf.
10:12 of 1st period - Deflect By Viktor Arvidsson.
10:12 of 1st period - Stopped by Cam Ward without a rebound.
10:13 of 1st period - Kyle Turris wins face-off versus Leon Draisaitl in NEW YORK R zone.
10:49 of 1st period - Shot by Jonathan Marchessault.
10:49 of 1st period - Stopped by Devan Dubnyk with a rebound.
10:51 of 1st period - Shot by Leon Draisaitl.
10:51 of 1st period - Stopped by Devan Dubnyk without a rebound.
10:52 of 1st period - Ryan Getzlaf wins face-off versus Jori Lehtera in TAMPA BAY zone.
11:14 of 1st period - Icing by Seth Jones.
11:15 of 1st period - Tanner Pearson wins face-off versus Jori Lehtera in NEW YORK R zone.
11:33 of 1st period - Icing by Colton Parayko.
11:34 of 1st period - Jori Lehtera wins face-off versus Derek Ryan in NEW YORK R zone.
12:25 of 1st period - Shot by Jonathan Marchessault.
12:25 of 1st period - Shot Misses the Net.
12:29 of 1st period - Shot by Leon Draisaitl.
12:29 of 1st period - Stopped by Devan Dubnyk without a rebound.
12:30 of 1st period - Ryan Getzlaf wins face-off versus Michael Raffl in TAMPA BAY zone.
12:32 of 1st period - Icing by Evgeni Malkin.
12:33 of 1st period - Ryan Getzlaf wins face-off versus Anthony Mantha in TAMPA BAY zone.
13:11 of 1st period - Shot by Evgeni Malkin.
13:11 of 1st period - Shot Blocked by Anthony Mantha.
13:18 of 1st period - Icing by Connor Brown.
13:19 of 1st period - Kyle Turris wins face-off versus Michael Raffl in NEW YORK R zone.
14:27 of 1st period - Shot by Torey Krug.
14:27 of 1st period - Stopped by Cam Ward without a rebound.
14:28 of 1st period - Ryan Getzlaf wins face-off versus Jonathan Marchessault in NEW YORK R zone.
14:39 of 1st period - Shot by Evgeni Malkin.
14:39 of 1st period - Shot Blocked by Nikolaj Ehlers.
14:55 of 1st period - Shot by Ryan Getzlaf.
14:55 of 1st period - Shot Misses the Net.
14:57 of 1st period - Shot by Ryan Getzlaf.
14:57 of 1st period - Stopped by Cam Ward without a rebound.
14:58 of 1st period - Elias Lindholm wins face-off versus Michael Raffl in NEW YORK R zone.
15:17 of 1st period - Shot by Connor Brown.
15:17 of 1st period - Shot Misses the Net.
15:19 of 1st period - Shot by Brendan Smith.
15:19 of 1st period - Stopped by Devan Dubnyk without a rebound.
15:20 of 1st period - Leon Draisaitl wins face-off versus Kyle Turris in TAMPA BAY zone.
15:21 of 1st period - Shot by Seth Jones.
15:21 of 1st period - Stopped by Devan Dubnyk without a rebound.
15:22 of 1st period - Leon Draisaitl wins face-off versus Kyle Turris in TAMPA BAY zone.
15:36 of 1st period - Leon Draisaitl is hit by Charlie Coyle and loses puck.
16:24 of 1st period - Leon Draisaitl and Elias Lindholm fight to a draw.
16:24 of 1st period - Penalty to Leon Draisaitl for Fighting.
16:24 of 1st period - Penalty to Elias Lindholm for Fighting.
16:25 of 1st period - Christian Dvorak wins face-off versus Ryan Getzlaf in neutral zone.
16:58 of 1st period - Shot by Jori Lehtera.
16:58 of 1st period - Stopped by Devan Dubnyk with a rebound.
18:13 of 1st period - Shot by Andrew Cogliano.
18:13 of 1st period - Goal by Andrew Cogliano - TAMPA BAY : 3 - NEW YORK R : 0.
18:14 of 1st period - Jori Lehtera wins face-off versus Derek Ryan in neutral zone.
18:37 of 1st period - Shot by Alexandre Burrows.
18:37 of 1st period - Stopped by Cam Ward with a rebound.
18:39 of 1st period - Shot by Alexandre Burrows.
18:39 of 1st period - Stopped by Cam Ward without a rebound.
18:40 of 1st period - Connor Brown wins face-off versus Kyle Turris in NEW YORK R zone.
18:57 of 1st period - Shot by Nikolaj Ehlers.
18:57 of 1st period - Shot Misses the Net.
18:59 of 1st period - Shot by Michael Matheson.
18:59 of 1st period - Goal by Michael Matheson - TAMPA BAY : 3 - NEW YORK R : 1.
19:00 of 1st period - Evgeni Malkin wins face-off versus Christian Dvorak in neutral zone.
19:05 of 1st period - Shot by Tanner Pearson.
19:05 of 1st period - Stopped by Cam Ward without a rebound.
19:06 of 1st period - Andrew Cogliano wins face-off versus Connor Brown in NEW YORK R zone.
19:33 of 1st period - Shot by Nikolaj Ehlers.
19:33 of 1st period - Stopped by Devan Dubnyk without a rebound.
19:34 of 1st period - Kyle Turris wins face-off versus Jori Lehtera in TAMPA BAY zone.
19:47 of 1st period - Shot by Charlie Coyle.
19:47 of 1st period - Shot Misses the Net.
Goals for this period are 3 for TAMPA BAY vs 1 for NEW YORK R.
Shots for this period are 14 for TAMPA BAY vs 15 for NEW YORK R.

2nd period


0:01 of 2nd period - Ryan Getzlaf wins face-off versus Michael Raffl in neutral zone.
0:13 of 2nd period - Connor Brown is hit by Marc-Edouard Vlasic.
0:29 of 2nd period - Shot by Anthony Mantha.
0:29 of 2nd period - Shot Misses the Net.
1:16 of 2nd period - Icing by Jori Lehtera.
1:17 of 2nd period - Andrew Cogliano wins face-off versus Christian Dvorak in NEW YORK R zone.
1:42 of 2nd period - Shot by Tanner Pearson.
1:42 of 2nd period - Shot Misses the Net.
2:29 of 2nd period - Shot by Alexandre Burrows.
2:29 of 2nd period - Deflect By Derek Ryan.
2:29 of 2nd period - Stopped by Cam Ward without a rebound.
2:30 of 2nd period - Michael Raffl wins face-off versus Derek Ryan in NEW YORK R zone.
3:31 of 2nd period - Ryan Getzlaf is hit by Michael Raffl and loses puck.
3:56 of 2nd period - Michael Matheson is hit by Ryan Getzlaf and loses puck.
4:05 of 2nd period - Shot by Nikolaj Ehlers.
4:05 of 2nd period - Shot Misses the Net.
4:07 of 2nd period - Shot by Nikolaj Ehlers.
4:07 of 2nd period - Stopped by Devan Dubnyk without a rebound.
4:08 of 2nd period - Christian Dvorak wins face-off versus Kyle Turris in TAMPA BAY zone.
4:16 of 2nd period - Jori Lehtera is hit by Sami Vatanen and loses puck.
5:12 of 2nd period - Minor Penalty to Andrej Sekera for Slashing.
5:13 of 2nd period - Marcus Kruger wins face-off versus Elias Lindholm in TAMPA BAY zone.
5:20 of 2nd period - Shot by Connor Brown.
5:20 of 2nd period - Shot Misses the Net.
5:22 of 2nd period - Shot by Anthony Mantha.
5:22 of 2nd period - Shot Blocked by Marc-Edouard Vlasic.
5:46 of 2nd period - Shot by Marcus Kruger.
5:46 of 2nd period - Shot Hit the Post.
5:48 of 2nd period - Shot by Seth Jones.
5:48 of 2nd period - Shot Blocked by Torey Krug.
6:13 of 2nd period - Off-side.
6:14 of 2nd period - Leon Draisaitl wins face-off versus Andrew Cogliano in neutral zone.
6:23 of 2nd period - Shot by Jonathan Marchessault.
6:23 of 2nd period - Deflect By Nikolaj Ehlers.
6:23 of 2nd period - Shot Misses the Net.
6:37 of 2nd period - Shot by Elias Lindholm.
6:37 of 2nd period - Shot Blocked by Jonathan Marchessault.
6:39 of 2nd period - Shot by Torey Krug.
6:39 of 2nd period - Shot Blocked by Jordie Benn.
6:57 of 2nd period - Shot by Nikolaj Ehlers.
6:57 of 2nd period - Stopped by Devan Dubnyk without a rebound.
6:58 of 2nd period - Elias Lindholm wins face-off versus Anthony Mantha in TAMPA BAY zone.
7:34 of 2nd period - Icing by Marc Methot.
7:35 of 2nd period - Derek Ryan wins face-off versus Christian Dvorak in NEW YORK R zone.
7:37 of 2nd period - Minor Penalty to Marc Methot for Hooking.
7:38 of 2nd period - Viktor Arvidsson wins face-off versus Leon Draisaitl in NEW YORK R zone.
7:59 of 2nd period - Shot by Evgeni Malkin.
7:59 of 2nd period - Stopped by Cam Ward without a rebound.
8:00 of 2nd period - Sebastian Aho wins face-off versus Leon Draisaitl in NEW YORK R zone.
8:01 of 2nd period - Shot by Kyle Turris.
8:01 of 2nd period - Shot Misses the Net.
8:03 of 2nd period - Shot by Kyle Turris.
8:03 of 2nd period - Deflect By Charlie Coyle.
8:03 of 2nd period - Stopped by Cam Ward without a rebound.
8:04 of 2nd period - Marcus Kruger wins face-off versus Ryan Getzlaf in NEW YORK R zone.
8:21 of 2nd period - Shot by John Klingberg.
8:21 of 2nd period - Shot Blocked by Seth Jones.
8:25 of 2nd period - Shot by John Klingberg.
8:25 of 2nd period - Goal by John Klingberg - TAMPA BAY : 4 - NEW YORK R : 1.
8:26 of 2nd period - Michael Raffl wins face-off versus Kyle Turris in neutral zone.
8:39 of 2nd period - Shot by Charlie Coyle.
8:39 of 2nd period - Shot Misses the Net.
8:41 of 2nd period - Shot by Charlie Coyle.
8:41 of 2nd period - Stopped by Cam Ward without a rebound.
8:42 of 2nd period - Ryan Getzlaf wins face-off versus Leon Draisaitl in NEW YORK R zone.
8:55 of 2nd period - Shot by Jonathan Marchessault.
8:55 of 2nd period - Stopped by Devan Dubnyk without a rebound.
8:56 of 2nd period - Michael Raffl wins face-off versus Elias Lindholm in TAMPA BAY zone.
9:03 of 2nd period - Shot by Connor Brown.
9:03 of 2nd period - Shot Misses the Net.
9:20 of 2nd period - Shot by Elias Lindholm.
9:20 of 2nd period - Deflect By Tanner Pearson.
9:20 of 2nd period - Stopped by Cam Ward with a rebound.
9:36 of 2nd period - Shot by Andrew Cogliano.
9:36 of 2nd period - Deflect By Tanner Pearson.
9:36 of 2nd period - Shot Blocked by Michael Matheson.
9:38 of 2nd period - Shot by Tanner Pearson.
9:38 of 2nd period - Shot Blocked by Connor Brown.
9:40 of 2nd period - Shot by Elias Lindholm.
9:40 of 2nd period - Stopped by Cam Ward with a rebound.
10:54 of 2nd period - Shot by Jonathan Marchessault.
10:54 of 2nd period - Stopped by Devan Dubnyk without a rebound.
10:55 of 2nd period - Jori Lehtera wins face-off versus Alexandre Burrows in TAMPA BAY zone.
11:18 of 2nd period - Icing by Marc-Edouard Vlasic.
11:19 of 2nd period - Derek Ryan wins face-off versus Christian Dvorak in TAMPA BAY zone.
11:27 of 2nd period - Icing by Derek Ryan.
11:28 of 2nd period - Derek Ryan wins face-off versus Leon Draisaitl in TAMPA BAY zone.
12:13 of 2nd period - Off-side.
12:14 of 2nd period - Ryan Getzlaf wins face-off versus Christian Dvorak in neutral zone.
12:19 of 2nd period - Shot by Evgeni Malkin.
12:19 of 2nd period - Deflect By Viktor Arvidsson.
12:19 of 2nd period - Shot Misses the Net.
13:07 of 2nd period - Icing by Colton Parayko.
13:08 of 2nd period - Christian Dvorak wins face-off versus Kyle Turris in NEW YORK R zone.
13:14 of 2nd period - Icing by Seth Jones.
13:15 of 2nd period - Christian Dvorak wins face-off versus Kyle Turris in NEW YORK R zone.
13:29 of 2nd period - Icing by Matt Niskanen.
13:30 of 2nd period - Leon Draisaitl wins face-off versus Kyle Turris in TAMPA BAY zone.
15:16 of 2nd period - Shot by Andrew Cogliano.
15:16 of 2nd period - Goal by Andrew Cogliano - TAMPA BAY : 5 - NEW YORK R : 1.
15:17 of 2nd period - Jori Lehtera wins face-off versus Ryan Getzlaf in neutral zone.
16:50 of 2nd period - Icing by Torey Krug.
16:51 of 2nd period - Derek Ryan wins face-off versus Anthony Mantha in TAMPA BAY zone.
18:39 of 2nd period - Shot by Sebastian Aho.
18:39 of 2nd period - Shot Misses the Net.
18:54 of 2nd period - Icing by Jordie Benn.
18:55 of 2nd period - Ryan Getzlaf wins face-off versus Leon Draisaitl in NEW YORK R zone.
19:06 of 2nd period - Shot by Nikolaj Ehlers.
19:06 of 2nd period - Shot Blocked by Andrej Sekera.
19:13 of 2nd period - Nikolaj Ehlers is hit by Torey Krug and loses puck.
19:45 of 2nd period - Minor Penalty to Derek Ryan for Slashing.
19:46 of 2nd period - Elias Lindholm wins face-off versus Anthony Mantha in TAMPA BAY zone.
Goals for this period are 2 for TAMPA BAY vs 0 for NEW YORK R.
Shots for this period are 8 for TAMPA BAY vs 4 for NEW YORK R.

3rd period


0:01 of 3rd period - Elias Lindholm wins face-off versus Leon Draisaitl in neutral zone.
0:21 of 3rd period - Shot by Colton Parayko.
0:21 of 3rd period - Shot Misses the Net.
0:23 of 3rd period - Shot by Leon Draisaitl.
0:23 of 3rd period - Stopped by Devan Dubnyk without a rebound.
0:24 of 3rd period - Connor Brown wins face-off versus Elias Lindholm in TAMPA BAY zone.
0:37 of 3rd period - Shot by Jordie Benn.
0:37 of 3rd period - Shot Blocked by Marc-Edouard Vlasic.
1:01 of 3rd period - Shot by Michael Matheson.
1:01 of 3rd period - Stopped by Devan Dubnyk without a rebound.
1:02 of 3rd period - Elias Lindholm wins face-off versus Leon Draisaitl in TAMPA BAY zone.
1:10 of 3rd period - Seth Jones is hit by Matt Niskanen.
1:12 of 3rd period - Shot by Jonathan Marchessault.
1:12 of 3rd period - Stopped by Devan Dubnyk without a rebound.
1:13 of 3rd period - Elias Lindholm wins face-off versus Leon Draisaitl in TAMPA BAY zone.
1:55 of 3rd period - Shot by Anthony Mantha.
1:55 of 3rd period - Shot Misses the Net.
2:19 of 3rd period - Shot by Connor Brown.
2:19 of 3rd period - Shot Blocked by Sebastian Aho.
2:42 of 3rd period - Minor Penalty to Ryan Getzlaf for Tripping.
2:43 of 3rd period - Leon Draisaitl wins face-off versus Elias Lindholm in TAMPA BAY zone.
2:58 of 3rd period - Shot by Seth Jones.
2:58 of 3rd period - Shot Misses the Net.
3:52 of 3rd period - Shot by Connor Brown.
3:52 of 3rd period - Deflect By Anthony Mantha.
3:52 of 3rd period - Shot Misses the Net.
3:54 of 3rd period - Shot by Jordie Benn.
3:54 of 3rd period - Stopped by Devan Dubnyk without a rebound.
3:55 of 3rd period - Elias Lindholm wins face-off versus Marcus Kruger in TAMPA BAY zone.
4:20 of 3rd period - Shot by Connor Brown.
4:20 of 3rd period - Shot Misses the Net.
4:55 of 3rd period - Shot by Christian Dvorak.
4:55 of 3rd period - Shot Hit the Post.
4:57 of 3rd period - Shot by Tom Wilson.
4:57 of 3rd period - Shot Blocked by Torey Krug.
4:59 of 3rd period - Shot by Tom Wilson.
4:59 of 3rd period - Stopped by Devan Dubnyk without a rebound.
5:00 of 3rd period - Derek Ryan wins face-off versus Leon Draisaitl in TAMPA BAY zone.
5:24 of 3rd period - Shot by Leon Draisaitl.
5:24 of 3rd period - Stopped by Devan Dubnyk without a rebound.
5:25 of 3rd period - Ryan Getzlaf wins face-off versus Christian Dvorak in TAMPA BAY zone.
5:41 of 3rd period - Icing by Marc Methot.
5:42 of 3rd period - Kyle Turris wins face-off versus Christian Dvorak in NEW YORK R zone.
6:06 of 3rd period - Shot by Christian Dvorak.
6:06 of 3rd period - Stopped by Devan Dubnyk without a rebound.
6:07 of 3rd period - Leon Draisaitl wins face-off versus Elias Lindholm in TAMPA BAY zone.
6:11 of 3rd period - Icing by Matt Niskanen.
6:12 of 3rd period - Elias Lindholm wins face-off versus Leon Draisaitl in TAMPA BAY zone.
6:41 of 3rd period - Icing by Andrew Cogliano.
6:42 of 3rd period - Elias Lindholm wins face-off versus Michael Raffl in TAMPA BAY zone.
7:30 of 3rd period - Shot by Evgeni Malkin.
7:30 of 3rd period - Shot Misses the Net.
7:39 of 3rd period - Anthony Mantha is hit by John Klingberg and loses puck.
8:15 of 3rd period - Shot by Nikolaj Ehlers.
8:15 of 3rd period - Shot Misses the Net.
8:17 of 3rd period - Shot by Seth Jones.
8:17 of 3rd period - Shot Misses the Net.
8:19 of 3rd period - Shot by Leon Draisaitl.
8:19 of 3rd period - Deflect By Nikolaj Ehlers.
8:19 of 3rd period - Stopped by Devan Dubnyk without a rebound.
8:20 of 3rd period - Christian Dvorak wins face-off versus Kyle Turris in TAMPA BAY zone.
8:20 of 3rd period - Christian Dvorak is hit by Torey Krug.
8:57 of 3rd period - Shot by Jori Lehtera.
8:57 of 3rd period - Deflect By Christian Dvorak.
8:57 of 3rd period - Shot Misses the Net.
9:14 of 3rd period - Colton Parayko is hit by Charlie Coyle and loses puck.
9:26 of 3rd period - Icing by Leon Draisaitl.
9:27 of 3rd period - Elias Lindholm wins face-off versus Leon Draisaitl in NEW YORK R zone.
9:47 of 3rd period - Shot by Sami Vatanen.
9:47 of 3rd period - Stopped by Cam Ward with a rebound.
9:49 of 3rd period - Shot by Elias Lindholm.
9:49 of 3rd period - Stopped by Cam Ward without a rebound.
9:50 of 3rd period - Michael Raffl wins face-off versus Ryan Getzlaf in NEW YORK R zone.
9:55 of 3rd period - John Klingberg is hit by Michael Raffl and loses puck.
10:21 of 3rd period - Shot by Connor Brown.
10:21 of 3rd period - Stopped by Devan Dubnyk without a rebound.
10:22 of 3rd period - Leon Draisaitl wins face-off versus Tanner Pearson in TAMPA BAY zone.
10:54 of 3rd period - Jonathan Marchessault is hit by Elias Lindholm.
11:03 of 3rd period - Icing by Matt Niskanen.
11:04 of 3rd period - Elias Lindholm wins face-off versus Michael Raffl in TAMPA BAY zone.
11:04 of 3rd period - Elias Lindholm is hit by Michael Raffl.
11:09 of 3rd period - Icing by Elias Lindholm.
11:10 of 3rd period - Elias Lindholm wins face-off versus Michael Raffl in TAMPA BAY zone.
11:17 of 3rd period - Shot by Elias Lindholm.
11:17 of 3rd period - Shot Misses the Net.
11:19 of 3rd period - Shot by Elias Lindholm.
11:19 of 3rd period - Shot Misses the Net.
11:21 of 3rd period - Shot by Andrew Cogliano.
11:21 of 3rd period - Shot Blocked by Michael Matheson.
11:30 of 3rd period - Connor Brown is hit by Matt Niskanen and loses puck.
12:23 of 3rd period - Shot by Evgeni Malkin.
12:23 of 3rd period - Shot Misses the Net.
12:58 of 3rd period - Minor Penalty to Charlie Coyle for High sticking.
12:59 of 3rd period - Elias Lindholm wins face-off versus Marcus Kruger in TAMPA BAY zone.
13:12 of 3rd period - Shot by Michael Matheson.
13:12 of 3rd period - Shot Misses the Net.
13:28 of 3rd period - Shot by Michael Matheson.
13:28 of 3rd period - Shot Blocked by Andrej Sekera.
13:46 of 3rd period - Shot by Colton Parayko.
13:46 of 3rd period - Shot Misses the Net.
13:52 of 3rd period - Shot by Seth Jones.
13:52 of 3rd period - Shot Misses the Net.
13:54 of 3rd period - Shot by Jonathan Marchessault.
13:54 of 3rd period - Deflect By Leon Draisaitl.
13:54 of 3rd period - Shot Misses the Net.
13:56 of 3rd period - Shot by Jonathan Marchessault.
13:56 of 3rd period - Shot Misses the Net.
13:58 of 3rd period - Shot by Leon Draisaitl.
13:58 of 3rd period - Stopped by Devan Dubnyk without a rebound.
13:59 of 3rd period - Elias Lindholm wins face-off versus Marcus Kruger in TAMPA BAY zone.
14:08 of 3rd period - Shot by Elias Lindholm.
14:08 of 3rd period - Stopped by Cam Ward with a rebound.
14:26 of 3rd period - Seth Jones is hit by Elias Lindholm and loses puck.
15:32 of 3rd period - Icing by Brendan Smith.
15:33 of 3rd period - Ryan Getzlaf wins face-off versus Christian Dvorak in NEW YORK R zone.
15:42 of 3rd period - Shot by Ryan Getzlaf.
15:42 of 3rd period - Stopped by Cam Ward without a rebound.
15:43 of 3rd period - Ryan Getzlaf wins face-off versus Leon Draisaitl in NEW YORK R zone.
15:48 of 3rd period - Shot by Viktor Arvidsson.
15:48 of 3rd period - Shot Misses the Net.
16:07 of 3rd period - Shot by Jonathan Marchessault.
16:07 of 3rd period - Goal by Jonathan Marchessault - TAMPA BAY : 5 - NEW YORK R : 2.
16:08 of 3rd period - Christian Dvorak wins face-off versus Kyle Turris in neutral zone.
16:15 of 3rd period - Shot by Tom Wilson.
16:15 of 3rd period - Stopped by Devan Dubnyk without a rebound.
16:16 of 3rd period - Leon Draisaitl wins face-off versus Elias Lindholm in TAMPA BAY zone.
16:16 of 3rd period - Jonathan Marchessault is hit by Matt Niskanen and loses puck.
16:57 of 3rd period - Shot by Tanner Pearson.
16:57 of 3rd period - Stopped by Cam Ward without a rebound.
16:58 of 3rd period - Michael Raffl wins face-off versus Ryan Getzlaf in NEW YORK R zone.
16:58 of 3rd period - Michael Raffl is hit by Evgeni Malkin.
17:18 of 3rd period - Shot by Colton Parayko.
17:18 of 3rd period - Stopped by Devan Dubnyk without a rebound.
17:19 of 3rd period - Kyle Turris wins face-off versus Tom Wilson in TAMPA BAY zone.
17:19 of 3rd period - Kyle Turris is hit by Tom Wilson.
17:46 of 3rd period - Shot by Tom Wilson.
17:46 of 3rd period - Stopped by Devan Dubnyk without a rebound.
17:47 of 3rd period - Michael Raffl wins face-off versus Ryan Getzlaf in TAMPA BAY zone.
18:10 of 3rd period - Shot by John Klingberg.
18:10 of 3rd period - Shot Misses the Net.
18:32 of 3rd period - Icing by Ryan Getzlaf.
18:33 of 3rd period - Ryan Getzlaf wins face-off versus Leon Draisaitl in TAMPA BAY zone.
18:38 of 3rd period - Shot by Ryan Getzlaf.
18:38 of 3rd period - Stopped by Cam Ward without a rebound.
18:39 of 3rd period - Leon Draisaitl wins face-off versus Kyle Turris in NEW YORK R zone.
19:12 of 3rd period - Icing by Sami Vatanen.
19:13 of 3rd period - Sebastian Aho wins face-off versus Jori Lehtera in TAMPA BAY zone.
19:15 of 3rd period - Charlie Coyle is hit by Trevor Lewis and loses puck.
Goals for this period are 0 for TAMPA BAY vs 1 for NEW YORK R.
Shots for this period are 6 for TAMPA BAY vs 14 for NEW YORK R.